 Dungeon Crawl Stone Soup version 0.31-a0-161-gb58dd9be76 (webtiles) character file.

Game seed: 13858247611191664941

65 uvd540 the Slasher (level 4, 0/38 HPs)
             Began as a Gnoll Reaver on June 6, 2023.
             Slain by a gnoll
             ... wielding a +0 club
              (4 damage)
             ... on level 2 of the Dungeon on June 12, 2023.
             The game lasted 00:17:29 (1687 turns).

uvd540 the Slasher (Gnoll Reaver)                   Turns: 1687, Time: 00:17:30

Health: 0/38       AC:  5    Str: 11    XL:     4   Next: 13%
Magic:  11/11      EV: 11    Int: 15    God:
Gold:   50         SH:  0    Dex: 10    Spells: 10/13 levels left

rFire   . . .        h - +0 battleaxe
rCold   . . .        (shield currently unavailable)
rNeg    . . .        b - +0 ring mail
rPois   .            (no helmet)
rElec   .            i - scarf {repulsion}
rCorr   .            (no gloves)
SInv    .            (no boots)
Will    .....        (no amulet)
Stlth   +            (no ring)
HPRegen 0.26/turn    (no ring)
MPRegen 0.12/turn

%: repel missiles
@: no status effects
A: fangs 1, strong nose, distributed training
a: no special abilities


You were on level 2 of the Dungeon.
You visited 1 branch of the dungeon, and saw 3 of its levels.

You collected 50 gold pieces.

Inventory:

Hand Weapons
 a - a +0 falchion
 h - a +0 battleaxe (weapon)
Armour
 b - a +0 ring mail (worn)
 i - a scarf of repulsion (worn)
Scrolls
 c - 3 scrolls of identify
 d - a scroll of amnesia
 f - a scroll of fear {unknown}
 g - a scroll of teleportation {unknown}


   Skills:
 + Level 4.6 Fighting
 + Level 1.1 Short Blades
 + Level 6.6 Long Blades
 + Level 1.1 Axes
 + Level 1.1 Maces & Flails
 + Level 1.1 Polearms
 + Level 1.1 Staves
 + Level 1.1 Ranged Weapons
 + Level 1.1 Throwing
 + Level 1.1 Armour
 + Level 4.6 Dodging
 + Level 1.1 Stealth
 + Level 1.1 Shields
 + Level 1.1 Unarmed Combat
 + Level 5.0 Spellcasting
 + Level 5.4 Conjurations
 + Level 0.8 Hexes
 + Level 0.8 Summonings
 + Level 0.8 Necromancy
 + Level 0.8 Translocations
 + Level 0.8 Transmutations
 + Level 0.8 Fire Magic
 + Level 0.8 Ice Magic
 + Level 0.8 Air Magic
 + Level 0.8 Earth Magic
 + Level 0.8 Poison Magic
 + Level 1.2 Invocations
 + Level 1.1 Evocations


You had 10 spell levels left.
You knew the following spells:

 Your Spells              Type           Power      Damage    Failure   Level
a - Kiss of Death         Conj/Necr      52%        2d9       11%         1
b - Momentum Strike       Conj/Tloc      26%        3d8       16%         2

Your spell library contained the following spells:

 Spells                   Type           Power      Damage    Failure   Level
 Dazzling Flash           Conj/Hex       26%        N/A       30%         3
 Hailstorm                Conj/Ice       13%        3d5       30%         3
 Volatile Blastmotes      Fire/Tloc      12%        2d11      63%         3
 Iskenderun's Mystic Bla  Conj/Tloc      13%        2d5       71%         4
 Starburst                Conj/Fire      6%         6d4       100%        6


Dungeon Overview and Level Annotations

Branches:
Dungeon (3/15)

Altars:


Innate Abilities, Weirdness & Mutations

You have very sharp teeth.
Your uncanny sense of smell can sniff out nearby items.
Your experience applies equally to all skills.


Message History

You climb downwards.
The endoplasm quivers.
The gnoll shouts! x3
Found 10 gold pieces.
Found a stone staircase leading up.
There is a stone staircase leading up here.
You barely miss the gnoll. The gnoll hits you with a +0 whip!
You completely miss the gnoll. You slash the gnoll! The gnoll misses you.
The gnoll closely misses you. The gnoll completely misses you.
The gnoll hits you from afar with a +0 spear of venom.
You are poisoned.
You barely miss the gnoll. You hit the endoplasm. You closely miss the gnoll.
You feel very sick. The gnoll hits you with a +0 whip.
The gnoll closely misses you.
The endoplasm hits you but does no damage.
The endoplasm closely misses you. The gnoll barely misses you.
The gnoll closely misses you. The gnoll misses you.
You hit the gnoll. You bite the gnoll.
The gnoll is lightly wounded.
You hit the gnoll. You closely miss the gnoll. You hit the endoplasm.
You kill the endoplasm!
You feel sick. The gnoll closely misses you. The gnoll barely misses you.
The gnoll hits you with a +0 flail! The gnoll hits you with a +0 club.
* * * LOW HITPOINT WARNING * * *
You feel sick.
The gnoll closely misses you. x2; The gnoll barely misses you.
The gnoll closely misses you.
You climb upwards.
You feel sick.
There is a stone staircase leading down here.
It was a potion of curing.
You feel better. The gnoll hits you with a +0 flail.
* * * LOW HITPOINT WARNING * * *
The gnoll hits you with a +0 club!
* * * LOW HITPOINT WARNING * * *
The gnoll completely misses you. The gnoll closely misses you.
The gnoll attacks as you move away! The gnoll misses you.
As you read the scroll labelled MOAXEW JUEMM, it crumbles to dust.
It is a scroll of identify.
d - a scroll of amnesia The gnoll misses you.
The gnoll attacks as you move away! The gnoll hits you with a +0 club.
You die...

........# #........# #####.###
##÷####### ###### # #.#####
#.####### #....#
#####.....#####.##....###.##.#
.............##.##..#.....##.####
...........#.##..#.....#####....#
.........##..##..#..##.########†#
...[....#.#..##........##.......#
......##.#...##.@g..#####.##.##.#
#....#.##....#..gg..### #.##.##.#
.#..#.#.#.......#.....# #.##....#
##..##.#..........>...# #.#######
#....##......######.### #.#
...............#....#############
.............#.#.##.#♣.♣.♣#......
#....##........#.#..#.♣♣♣.#......
##..##.#......##.#..#..♣.♣#......


You could see 3 gnolls.

Vanquished Creatures
  3 adders (D:2)
  A worm (D:2)
  A dart slug (D:2)
  4 ball pythons (D:2)
  6 bats
  6 endoplasms
  A giant cockroach (D:2)
  2 hobgoblins
  3 quokkas (D:2)
  2 goblins (D:2)
  5 rats
34 creatures vanquished.

Notes
Turn   | Place    | Note
-------+----------+-------------------------------------------
     0 | D:1      | uvd540 the Gnoll Reaver began the quest for the Orb.
     0 | D:1      | Reached XP level 1. HP: 20/20 MP: 6/6
   554 | D:1      | Reached XP level 2. HP: 22/22 MP: 7/7
   789 | D:1      | Learned a level 2 spell: Momentum Strike
  1005 | D:2      | Reached skill level 5 in Spellcasting
  1005 | D:2      | Reached XP level 3. HP: 31/31 MP: 7/9
  1068 | D:2      | Found a faded altar of an unknown god.
  1149 | D:2      | Reached skill level 1 in Invocations
  1170 | D:2      | Upgraded the game from 0.31-a0-145-g046c7d2549 to
                  | 0.31-a0-161-gb58dd9be76
  1218 | D:2      | Reached skill level 1 in Short Blades
  1218 | D:2      | Reached skill level 1 in Axes
  1218 | D:2      | Reached skill level 1 in Maces & Flails
  1218 | D:2      | Reached skill level 1 in Polearms
  1218 | D:2      | Reached skill level 1 in Staves
  1218 | D:2      | Reached skill level 1 in Ranged Weapons
  1218 | D:2      | Reached skill level 1 in Throwing
  1218 | D:2      | Reached skill level 1 in Armour
  1218 | D:2      | Reached skill level 1 in Stealth
  1218 | D:2      | Reached skill level 1 in Shields
  1218 | D:2      | Reached skill level 1 in Unarmed Combat
  1218 | D:2      | Reached skill level 1 in Evocations
  1530 | D:2      | Reached XP level 4. HP: 36/38 MP: 11/11
  1687 | D:2      | Slain by a gnoll

Illustrated notes

Levels and vault maps discovered:
D:1:      minmay_arrival_checkered_box, layout_basic, serial_curves,
          eino_curves_02, eino_curves_04, eino_curves_03, eino_curves_03
D:2:      layout_basic, shapermc_ecumenical_altar_ellora, minmay_fountain_box,
          minmay_misc_feat_secret_circle, chequers_arboretum,
          nrook_mini_backslash, minmay_tetromino_o2
D:3:      kennysheep_the_goblin_king, layout_rooms, serial_shops,
          nicolae_shop_behind_doors

Skill      XL: |  1  2  3 |
---------------+----------+-----
Spellcasting   | 5 |  5.0
Invocations    | 1 |  1.2
Short Blades   | 1 |  1.1
Axes           | 1 |  1.1
Maces & Flails | 1 |  1.1
Polearms       | 1 |  1.1
Staves         | 1 |  1.1
Ranged Weapons | 1 |  1.1
Throwing       | 1 |  1.1
Armour         | 1 |  1.1
Stealth        | 1 |  1.1
Shields        | 1 |  1.1
Unarmed Combat | 1 |  1.1
Evocations     | 1 |  1.1
Fighting       | |  4.6
Long Blades    | |  6.6
Dodging        | |  4.6
Conjurations   | |  5.4
Hexes          | |  0.8
Summonings     | |  0.8
Necromancy     | |  0.8
Translocations | |  0.8
Transmutations | |  0.8
Fire Magic     | |  0.8
Ice Magic      | |  0.8
Air Magic      | |  0.8
Earth Magic    | |  0.8
Poison Magic   | |  0.8

Action                     |  1- 3 |  4- 6 || total
---------------------------+-------+-------++-------
  Melee: Falchion          |   100 |       ||   100
         Bite              |    10 |     1 ||    11
         Punch             |     4 |       ||     4
         Battleaxe         |    20 |    23 ||    43
   Cast: Kiss of Death     |     2 |       ||     2
         Momentum Strike   |     2 |       ||     2
    Use: Scroll            |       |     1 ||     1
         Potion            |       |     1 ||     1
 Armour: Leather armour    |     7 |       ||     7
         Ring mail         |    43 |     8 ||    51
  Dodge: Dodged            |    61 |    32 ||    93

Table legend: (Time is in decaauts)
 A = Elapsed time spent in this place.
 B = Non-inter-level travel time spent in this place.
 C = Inter-level travel time spent in this place.
 D = Time resting spent in this place.
 E = Time spent auto-exploring this place.
 F = Levels seen in this place.
 G = Mean time per level.
                   A        B        C        D        E       F      G
               +--------+--------+--------+--------+--------+-----+--------+
         Total |   1712 |   1665 |     47 |      0 |   1123 |   3 |  570.7 |
       Dungeon |   1712 |   1665 |     47 |      0 |   1123 |   3 |  570.7 |
               +--------+--------+--------+--------+--------+-----+--------+

Top non-repeatable levels by time:
     D:2: 867 daAuts
     D:1: 836 daAuts
     D:3: 8 daAuts
